 Dungeon Crawl Stone Soup version 0.24-a0-630-g0d56a851f4 (webtiles) character file.

Game seed: 1572873572892736172, levelgen mode: deterministic

158 Ijustatesigmund the Chopper (level 5, -1/49 HPs)
             Began as a Minotaur Monk on Sept 20, 2019.
             Slain by Oninnaise's ghost (4 damage)
             ... on level 3 of the Dungeon.
             The game lasted 00:04:46 (1710 turns).

Ijustatesigmund the Chopper (Minotaur Monk)         Turns: 1710, Time: 00:04:46

Health: -1/49      AC: 11    Str: 15    XL:     5   Next: 16%
Magic:  4/4        EV:  7    Int:  9    God:
Gold:   85         SH:  0    Dex: 14    Spells: 4/4 levels left

rFire    . . .     SeeInvis +   a - +0 hand axe
rCold    . . .     Gourm    .   (no shield)
rNeg     . . .     Faith    .   b - +0 chain mail
rPois    .         Spirit   .   (helmet restricted)
rElec    .         Reflect  .   (no cloak)
rCorr    .         Harm     .   g - +0 pair of gloves
MR       .....                  (no boots)
Stlth    ..........             (no amulet)
HPRegen  0.16/turn              e - +2 ring of protection
MPRegen  0.09/turn              k - +2 ring of intelligence

@: lethally poisoned (-1 -> -3), flying
A: retaliatory headbutt, fangs 1, horns 2, camouflage 1, see invisible, robust 1
a: no special abilities


You were on level 3 of the Dungeon.
You were hungry.

You visited 1 branch of the dungeon, and saw 3 of its levels.

You collected 85 gold pieces.

Inventory:

Hand Weapons
 a - a +0 hand axe (weapon)
Armour
 b - a +0 chain mail (worn)
 g - a +0 pair of gloves (worn)
Jewellery
 e - a +2 ring of protection (left hand)
 k - a +2 ring of intelligence (right hand)
Scrolls
 i - a scroll of immolation {unknown}
Comestibles
 c - 6 rations
 l - 4 chunks of flesh


   Skills:
 - Level 3.6 Fighting
 + Level 7.1 Axes
 - Level 3.2 Dodging
 - Level 1.5 Stealth


You had 4 spell levels left.
You didn't know any spells.
Your spell library was empty.

Dungeon Overview and Level Annotations

Branches:
Dungeon (3/15)

Altars:
Zin

Shops:
D:2 *

Annotations:
D:3 Oninnaise's ghost, amateur FoCK


Innate Abilities, Weirdness & Mutations

You reflexively headbutt those who attack you in melee.
You have a pair of horns on your head.
You have very sharp teeth.
Your skin changes colour to match your surroundings (Stealth+).
You have supernaturally acute eyesight. (SInv)
You are robust. (+10% HP)


Message History

* * * LOW HITPOINT WARNING * * *
* * * LOW HITPOINT WARNING * * *
You feel sick.
* * * LOW HITPOINT WARNING * * *
You feel sick. Oninnaise's ghost barely misses you.
* * * LOW HITPOINT WARNING * * *
You feel sick.
* * * LOW HITPOINT WARNING * * *
You feel sick.
You hit Oninnaise's ghost. Your headbutt misses Oninnaise's ghost.
Oninnaise's ghost is severely damaged.
* * * LOW HITPOINT WARNING * * *
You feel sick.
Oninnaise's ghost hits you but does no damage.
Your chain mail prevents you from hitting Oninnaise's ghost.
You bite Oninnaise's ghost, but do no damage.
Oninnaise's ghost is severely damaged.
Oninnaise's ghost says, "My insurmountable tactics guarantee your defeat."
Oninnaise's ghost hits you.
You die...

#.##.###)####... #........#
#... ## ####.##### #.#. (.
##.##### ##+#. #.
####......###...# # #.
##.....###.##..... ##. #.
##......# #.#......
#...##.####.......###........
...........W@................
#...##...##.......###........
##.......###........ #......
#######†.# ##..<##### ##.....
≈[≈≈≈≈†.## ##.## ##...#
#######†# #.# ##'## #.#..# .#
#.# #.#### .# ########.# #)
#........##


You could see Oninnaise's ghost.

Vanquished Creatures
  A scorpion (D:2)
  5 adders
  An ooze (D:2)
  2 dart slugs (D:1)
  A leopard gecko (D:2)
  5 orcs (D:3)
  2 giant cockroaches (D:1)
  2 goblins
  4 hobgoblins
  4 jackals (D:1)
  A quokka (D:2)
  9 bats
  3 frilled lizards
  5 kobolds
  7 rats
52 creatures vanquished.

Notes
Turn   | Place    | Note
-------+----------+-------------------------------------------
     0 | D:1      | Ijustatesigmund the Minotaur Monk began the quest for the
                  | Orb.
     0 | D:1      | Reached XP level 1. HP: 19/19 MP: 0/0
   150 | D:1      | Reached skill level 4 in Axes
   227 | D:1      | Reached XP level 2. HP: 22/26 MP: 1/1
   624 | D:1      | Reached skill level 5 in Axes
   801 | D:2      | Reached XP level 3. HP: 28/31 MP: 2/2
   855 | D:2      | Found Zin's Purification Station.
   858 | D:2      | Found a glowing silver altar of Zin.
   934 | D:2      | Noticed a scorpion
   939 | D:2      | Killed a scorpion
   939 | D:2      | Reached skill level 6 in Axes
   939 | D:2      | Reached XP level 4. HP: 24/39 MP: 3/3
  1667 | D:3      | Found a runed translucent door.
  1671 | D:3      | Noticed Oninnaise's ghost (amateur FoCK)
  1677 | D:3      | Reached XP level 5. HP: 41/45 MP: 4/4
  1680 | D:3      | Reached skill level 7 in Axes
  1695 | D:3      | Gained mutation: You have supernaturally acute eyesight.
                  | (SInv) [potion of mutation]
  1695 | D:3      | Gained mutation: Your skin changes colour to match your
                  | surroundings (Stealth+). [potion of mutation]
  1695 | D:3      | Gained mutation: You are robust. (+10% HP) [potion of
                  | mutation]
  1695 | D:3      | Gained mutation: You have very sharp teeth. [potion of
                  | mutation]
  1710 | D:3      | Slain by Oninnaise's ghost

Levels and vault maps discovered:
D:1:      dpeg_arrival_tiny_a, layout_loops_corners
D:2:      layout_basic, zin_purify
D:3:      layout_loops_corners, grunt_dithmenos_smoke, ebering_ghost_sewer_d

Skill      XL: |  1  2  3  4  5 |
---------------+----------------+-----
Axes           | 4 5 6 7 |  7.1
Fighting       | |  3.6
Dodging        | |  3.2
Stealth        | |  1.5

Action                   |  1- 3 |  4- 6 || total
-------------------------+-------+-------++-------
Melee: Hand axe          |    70 |    65 ||   135
       Headbutt          |    12 |     5 ||    17
       Bite              |       |     1 ||     1
  Use: Scroll            |     3 |     2 ||     5
       Potion            |       |     4 ||     4
 Stab: Sleeping          |     1 |       ||     1
  Eat: Chunk             |       |     2 ||     2
Armor: Leather armour    |     1 |       ||     1
       Chain mail        |    20 |    45 ||    65
       Ring mail         |     5 |       ||     5
Dodge: Dodged            |    44 |    23 ||    67

Table legend:
 A = Non-vault XP
 B = Vault XP
 C = Vault XP percentage of total XP
 D = Non-vault monster count
 E = Vault monster count
 F = Vault count percentage of total count
                 A         B        C        D         E       F
            +---------+---------+-------+---------+---------+-------
      Total |     185 |      41 |  18.1 |      49 |       3 |   5.8
            +---------+---------+-------+---------+---------+-------
        D:1 |      37 |       0 |   0.0 |      20 |       0 |   0.0
        D:2 |     127 |       0 |   0.0 |      20 |       0 |   0.0
        D:3 |      21 |      41 |  66.1 |       9 |       3 |  25.0
            +---------+---------+-------+---------+---------+-------
